cohdb
Replays
Latest Replays
All Replays
Popular Replays
Top Player Replays
Match Explorer
How It Works
Community
CoH3 Stats
Reddit
Sign in to upload your games and track your stats! →
Sign in with Steam
Match 41450860
Unlisted
Match 41450860
Overview
Messages
Build Orders
End
Kradschützen Motorcycle Team
Selects Italian Infantry
Panzergrenadier Squad
Panzergrenadier Squad
Panzergrenadier Squad
Selects Defensive Operations
Construct Light Support Kompanie
Construct Mechanized Kompanie
Panzerjäger Squad
Selects Guastatori Squad
8 Rad Armored Car
Selects Prepared Positions
Panzerjäger Squad
2.5-tonne Medical Truck
Panzerjäger Squad
Selects Guastatori Squad
Construct Panzerarmee Kommand
Selects Registered Artillery
Selects Towed Cannone da 105/28 Field Howitzer
Panzer III L Medium Tank
Panzerjäger Squad
Panzer III L Medium Tank
Selects Propaganda War
Panzer III L Medium Tank
Panzer III L Medium Tank
Panzer III L Medium Tank
Tungsten Core Ammunition
Panzer III L Medium Tank
Registered Artillery
Feint
Wohy
Sauzer88
Leo
0
0
Comments
sign in to comment!
No comments posted yet!